 Dungeon Sprint DCSS version 0.21.1-1-g345015f (webtiles) character file.

447 Fang the Fighter (level 6, -2/102 HPs)
             Began as a Minotaur Berserker on May 2, 2018.
             Was a Believer of Trog.
             Slain by Sonja
             ... wielding a +0 short sword of distortion
              (3 damage)
             ... in the Dungeon (Sprint I: "Red Sonja").
             The game lasted 00:01:17 (704 turns).

Fang the Fighter (Minotaur Berserker)                Turns: 704, Time: 00:01:17

Health: -2/102     AC:  2    Str: 29    XL:     6   Next: 73%
Magic:  5/5        EV: 14    Int:  4    God:    Trog [**....]
Gold:   297        SH:  0    Dex:  9    Spells: 5/5 levels left

rFire    . . .     SeeInvis .   a - +0 hand axe
rCold    . . .     Gourm    .   (no shield)
rNeg     . . .     Faith    .   b - +0 animal skin
rPois    .         Spirit   .   (helmet restricted)
rElec    .         Reflect  .   (no cloak)
rCorr    .         Harm     .   (no gloves)
MR       .....     NoTele   +   (no boots)
Stlth    ..........             (no amulet)
HPRegen  0.27/turn              (no ring)
MPRegen  0.09/turn              (no ring)

@: berserking, lethally poisoned (-2 -> -15), slowed
A: retaliatory headbutt, horns 2
a: Berserk, Trog's Hand, Burn Spellbooks, Renounce Religion


You were in the Dungeon.
You worshipped Trog.
Trog was pleased with you.
You were very hungry.

You visited 1 branch You collected 297 gold pieces.

Inventory:

Hand Weapons
 a - a +0 hand axe (weapon)
Armour
 b - a +0 animal skin (worn)
Wands
 j - a wand of flame (11)
Scrolls
 i - a scroll of blinking
Potions
 d - a potion of curing
 e - a potion of heal wounds
 f - a potion of haste
 g - 2 potions of magic
 h - a potion of berserk rage
 k - a potion of agility {unknown}
Comestibles
 c - a ration
 l - 4 chunks of flesh


   Skills:
 + Level 11.1 Fighting
 + Level 10.9 Axes
 + Level 6.0 Armour
 + Level 6.2 Dodging
 + Level 1.6 Stealth


You had 5 spell levels left.
You didn't know any spells.

Dungeon Overview and Level Annotations

Branches:
Dungeon (1/1)

Altars:
Cheibriados
Dithmenos
Elyvilon
Fedhas
Gozag
Hepliaklqana
Kikubaaqudgha
Makhleb
Nemelex Xobeh
Okawaru
Qazlal
Ru
Sif Muna
Trog
Uskayaw
Vehumet
Wu Jian
Xom
Yredelemnul
Zin
The Shining One
Jiyva
Lugonu

Shops:
D (

Annotations:
D Sonja


Innate Abilities, Weirdness & Mutations

You reflexively headbutt those who attack you in melee.
You have a pair of horns on your head.


Message History

Space bends around you.
* * * LOW HITPOINT WARNING * * *
Sonja hits you with an uncursed short sword of distortion.
* * * LOW HITPOINT WARNING * * *
Space warps horribly around you!
* * * LOW HITPOINT WARNING * * *
You barely miss Sonja.
* * * LOW HITPOINT WARNING * * *
You feel sick. Sonja barely misses you.
Sonja hits you with an uncursed short sword of distortion.
* * * LOW HITPOINT WARNING * * *
Sonja closely misses you.
Unknown command.
You barely miss Sonja.
* * * LOW HITPOINT WARNING * * *
You feel sick.
Sonja hits you with an uncursed short sword of distortion!
* * * LOW HITPOINT WARNING * * *
Space bends around you.
You die...

################ ##
#<.#.))..#..'..#__#
#..'..#..').#..+.J+
#..#####'#####'#__#
#..####..#...#.# ##
#..#__####..##[#
#..#_____##'#_.+
#⌠⌠#_.∩..÷'.((_#
####_..__##_@#+#
#_____###K# #######
#.# $.$ $.$ ##.##
#+#


You could see Sonja.

Vanquished Creatures
  Sigmund (D)
  A yak (D)
  An ogre (D)
  A jelly (D)
  Ijyb (D)
5 creatures vanquished.

Vanquished Creatures (others)
  A gargoyle (D)
1 creature vanquished.

Grand Total: 6 creatures vanquished

Notes
Turn   | Place    | Note
-------+----------+-------------------------------------------
     0 | D        | Fang the Minotaur Berserker began the quest for the Orb.
     0 | D        | Reached XP level 1. HP: 19/19 MP: 0/0
     2 | D        | Noticed Ijyb
    14 | D        | Killed Ijyb
    14 | D        | Reached skill level 5 in Fighting
    14 | D        | Reached skill level 5 in Axes
    14 | D        | Reached XP level 2. HP: 4/29 MP: 1/1
    38 | D        | Killed a gargoyle
   286 | D        | Noticed an ogre
   289 | D        | Killed an ogre
   289 | D        | Reached skill level 7 in Fighting
   289 | D        | Reached XP level 3. HP: 40/40 MP: 2/2
   289 | D        | Reached XP level 4. HP: 48/48 MP: 3/3
   338 | D        | Noticed Sigmund
   345 | D        | Killed Sigmund
   345 | D        | Reached ** piety under Trog
   345 | D        | Reached skill level 9 in Fighting
   345 | D        | Reached skill level 5 in Armour
   345 | D        | Reached skill level 5 in Dodging
   345 | D        | Reached skill level 1 in Stealth
   345 | D        | Reached XP level 5. HP: 58/58 MP: 4/4
   345 | D        | Reached XP level 6. HP: 66/66 MP: 5/5
   404 | D        | Found a burning altar of Makhleb.
   404 | D        | Found a viscous altar of Jiyva.
   404 | D        | Found a shimmering altar of Xom.
   404 | D        | Found a corrupted altar of Lugonu.
   404 | D        | Noticed a slime creature
   406 | D        | Found an ornate altar of the Wu Jian Council.
   406 | D        | Found a deep blue altar of Sif Muna.
   408 | D        | Found a radiant altar of Vehumet.
   413 | D        | Reached skill level 10 in Fighting
   413 | D        | Reached skill level 10 in Axes
   492 | D        | Found Wuppiciv's Antique Weapon Emporium.
   492 | D        | Found an ancient bone altar of Kikubaaqudgha.
   492 | D        | Found a hazy altar of Hepliaklqana.
   492 | D        | Found a stormy altar of Qazlal.
   492 | D        | Found a hide-covered altar of Uskayaw.
   492 | D        | Found a blossoming altar of Fedhas.
   492 | D        | Found a bloodstained altar of Trog.
   492 | D        | Found an iron altar of Okawaru.
   492 | D        | Found a basalt altar of Yredelemnul.
   492 | D        | Found a glowing golden altar of the Shining One.
   492 | D        | Found a snail-covered altar of Cheibriados.
   492 | D        | Found a sacrificial altar of Ru.
   492 | D        | Found a glowing silver altar of Zin.
   492 | D        | Found a shadowy altar of Dithmenos.
   492 | D        | Found a white marble altar of Elyvilon.
   492 | D        | Noticed a yak
   493 | D        | Found an opulent altar of Gozag.
   504 | D        | Killed a yak
   504 | D        | Reached skill level 11 in Fighting
   505 | D        | Found a sparkling altar of Nemelex Xobeh.
   697 | D        | Noticed Sonja
   704 | D        | HP: 1/102 [Sonja/uncursed short sword of distortion (8)]
   704 | D        | Slain by Sonja

Skill      XL: |  1  2  3  4  5  6 |
---------------+-------------------+-----
Fighting       | 5 7 9 11 | 11.1
Axes           | 5 7 9 10 | 10.9
Armour         | 3 4 5 6 |  6.0
Dodging        | 3 4 5 6 |  6.2
Stealth        | 1 |  1.6

Action                   |  1- 3 |  4- 6 || total
-------------------------+-------+-------++-------
Melee: Hand axe          |    10 |    20 ||    30
       Headbutt          |     3 |     4 ||     7
Invok: Berserk           |     2 |     2 ||     4
 Stab: Sleeping          |       |     1 ||     1
  Eat: Chunk             |       |     2 ||     2
Armor: Animal skin       |     1 |     1 ||     2
Dodge: Dodged            |     5 |    12 ||    17
